 Dungeon Crawl Stone Soup version 0.22.1-5-g62c59d919a (webtiles) character file.

336 NochnoyZador the Ruffian (level 6, -2/59 HPs)
             Began as a Troll Monk on Jan 12, 2019.
             Killed from afar by an orc wizard (7 damage)
             ... with a puff of flame
             ... on level 3 of the Dungeon.
             The game lasted 00:07:03 (1665 turns).

NochnoyZador the Ruffian (Troll Monk)               Turns: 1665, Time: 00:07:04

Health: -2/59      AC:  5    Str: 20    XL:     6   Next: 28%
Magic:  5/5        EV: 10    Int:  6    God:
Gold:   102        SH:  0    Dex: 14    Spells: 5/5 levels left

rFire    . . .     SeeInvis .     - Unarmed
rCold    . . .     Gourm    +   (no shield)
rNeg     . . .     Faith    .   a - +0 robe
rPois    .         Spirit   .   (helmet restricted)
rElec    .         Reflect  .   (no cloak)
rCorr    .         Harm     .   (gloves unavailable)
MR       .....                  (boots unavailable)
Stlth    ++........             (no amulet)
HPRegen  0.59/turn              (no ring)
MPRegen  0.09/turn              (no ring)

@: lethally poisoned (-2 -> -2)
A: large, unfitting armour, claws 3, fast metabolism 3, gourmand, regeneration
1, shaggy fur 1, tough skin 2
a: no special abilities


You were on level 3 of the Dungeon.
You were very full.

You visited 1 branch of the dungeon, and saw 3 of its levels.

You collected 102 gold pieces.

Inventory:

Missiles
 h - 129 stones (quivered)
 n - 5 large rocks
Armour
 a - a +0 robe (worn)
Jewellery
 p - a +5 ring of intelligence {unknown}
Scrolls
 e - a scroll of teleportation {unknown}
 f - 2 scrolls of random uselessness {unknown}
 g - a scroll of identify {unknown}
 i - 2 scrolls of remove curse {unknown}
 o - a scroll of enchant weapon {unknown}
Potions
 c - a potion of agility
 j - 2 potions of heal wounds {unknown}
 k - a potion of lignification {unknown}
 l - 2 potions of degeneration {unknown}
 m - a potion of resistance {unknown}
Comestibles
 b - 6 rations
 d - 10 chunks of flesh


   Skills:
 - Level 2.4 Fighting
 - Level 2.4 Dodging
 - Level 1.0 Stealth
 * Level 7.1 Unarmed Combat


You had 5 spell levels left.
You didn't know any spells.
Your spell library was empty.

Dungeon Overview and Level Annotations

Branches:
Dungeon (3/15)

Altars:
Makhleb
Okawaru
Zin
The Shining One


Innate Abilities, Weirdness & Mutations

You are too large for most types of armour.
You have claws for hands.
Your metabolism is lightning-fast.
You like to eat raw meat.
Your natural rate of healing is unusually fast.
You are covered in fur. (AC +1)
You have very tough skin. (AC +2)


Message History

You feel sick.
You barely miss the orc.
The orc is moderately wounded.
You closely miss something. The orc hits you but does no damage.
Something hits you.
* * * LOW HITPOINT WARNING * * *
Number of times to repeat, then command key: You must enter the number of times for the command to repeat.
You claw the orc!
You kill the orc!
You feel sick. Something hits you.
* * * LOW HITPOINT WARNING * * *
Something hits you.
* * * LOW HITPOINT WARNING * * *
Items here: )) [[[ †† You barely miss something.
You feel sick.
You hear some strange, mumbled words.
A puff of flame appears from out of thin air!
The puff of flame hits you!
You die...

#########..##.....##..#
#..........#.......#..#
#......###.#.......#..#
+......+......._......÷ #
#......###.#.......#... #)
#......###.#.......#... ..
#......#...##.....##... ###.
##......#...####.####..)
............@{...........)...
#...########...............
#.....gl.................
#..........oo..######........
######.....lSo.# #........
#.........# #########
...........# ............#
......########


There were no monsters in sight!

Vanquished Creatures
  An ice beast (D:3)
  A hound (D:3)
  2 orc wizards (D:3)
  Jessica (D:2)
  Natasha (D:3)
  5 adders
  A dart slug (D:1)
  2 leopard geckos
  3 orcs (D:3)
  5 giant cockroaches
  7 goblins
  9 hobgoblins
  A jackal (D:1)
  2 quokkas (D:3)
  2 ball pythons
  8 bats
  7 frilled lizards
  6 kobolds
64 creatures vanquished.

Notes
Turn   | Place    | Note
-------+----------+-------------------------------------------
     0 | D:1      | NochnoyZador the Troll Monk began the quest for the Orb.
     0 | D:1      | Reached XP level 1. HP: 22/22 MP: 0/0
   125 | D:1      | Reached XP level 2. HP: 29/29 MP: 1/1
   670 | D:2      | Reached skill level 4 in Unarmed Combat
   678 | D:2      | Reached XP level 3. HP: 34/36 MP: 2/2
   705 | D:2      | Found an iron altar of Okawaru.
   712 | D:2      | Noticed Jessica
   717 | D:2      | Killed Jessica
   817 | D:2      | Reached skill level 5 in Unarmed Combat
   817 | D:2      | Reached XP level 4. HP: 44/44 MP: 3/3
   853 | D:2      | Found a glowing silver altar of Zin.
  1425 | D:3      | Found a burning altar of Makhleb.
  1439 | D:3      | Noticed an ice beast
  1449 | D:3      | Killed an ice beast
  1449 | D:3      | Reached skill level 6 in Unarmed Combat
  1449 | D:3      | Reached XP level 5. HP: 50/50 MP: 4/4
  1513 | D:3      | Noticed Natasha
  1524 | D:3      | Killed Natasha
  1546 | D:3      | Found a glowing golden altar of the Shining One.
  1642 | D:3      | Reached XP level 6. HP: 24/59 MP: 5/5
  1654 | D:3      | Reached skill level 7 in Unarmed Combat
  1665 | D:3      | Killed from afar by an orc wizard

Skill      XL: |  1  2  3  4  5  6 |
---------------+-------------------+-----
Unarmed Combat | 4 5 6 7 |  7.1
Fighting       | |  2.4
Dodging        | |  2.4
Stealth        | |  1.0

Action                   |  1- 3 |  4- 6 || total
-------------------------+-------+-------++-------
Melee: Unarmed           |    73 |    94 ||   167
       Punch             |       |     3 ||     3
 Stab: Sleeping          |     2 |     1 ||     3
  Eat: Chunk             |    13 |     7 ||    20
Armor: Robe              |    27 |    29 ||    56
Dodge: Dodged            |    44 |    64 ||   108
